 Dungeon Crawl Stone Soup version 0.22-a0-480-g991dd4b2b4 (webtiles) character file.

7821 Brodemort the Covert (level 11, 0/66 HPs)
             Began as a Gargoyle Gladiator on June 15, 2018.
             Was a Priest of Makhleb.
             Killed from afar by a starcursed mass (4 damage)
             ... with an accursed screaming
             ... summoned by a glowing orange brain
             ... on level 2 of the Abyss.
             The game lasted 01:04:09 (8952 turns).

Brodemort the Covert (Gargoyle Gladiator)           Turns: 8952, Time: 01:04:09

Health: 0/66       AC: 25    Str: 21      XL:     11   Next: 21%
Magic:  11/11      EV:  9    Int:  6 (9)  God:    Makhleb [***...]
Gold:   439        SH:  0    Dex: 11      Spells: 10/10 levels left

rFire    + . .     SeeInvis .   a - +3 spear (freeze)
rCold    . . .     Gourm    .   (no shield)
rNeg     + . .     Faith    .   p - +0 shadow dragon scales
rPois    ∞         Spirit   .   c - +0 helmet
rElec    +         Reflect  .   j - +0 cloak
rCorr    .         Harm     .   K - +0 pair of gloves
MR       .....                  (no boots)
Stlth    +++++.....             E - amulet of regeneration
HPRegen  0.61/turn              i - ring of fire
MPRegen  0.12/turn              B - ring of protection from cold

@: flying
A: big wings, negative energy resistance 1, electricity resistance, wild magic
1, unbreathing, petrification resistance, rot immunity, AC +8
a: Stop Flying, Minor Destruction, Lesser Servant of Makhleb, Renounce Religion


You were on level 2 of the Abyss.
You worshipped Makhleb.
Makhleb was most pleased with you.
You were not hungry.

You visited 2 branches of the dungeon, and saw 11 of its levels.
You visited the Abyss 1 time.

You collected 439 gold pieces.

Inventory:

Hand Weapons
 a - a +3 spear of freezing (weapon)
 b - a +2 shortbow of flaming
 H - a +0 whip of electrocution
 I - a +1 quarterstaff of speed
 J - a +0 quarterstaff
 P - a +0 hunting sling
Missiles
 d - 5 throwing nets (quivered)
 n - 203 stones
 Q - 45 arrows
Armour
 c - a +0 helmet (worn)
 j - a +0 cloak (worn)
 m - a +0 buckler
 p - +0 shadow dragon scales (worn)
 K - a +0 pair of gloves (worn)
Jewellery
 i - a ring of fire (left hand)
 r - a +4 ring of protection {unknown}
 t - an uncursed ring of see invisible
 B - a ring of protection from cold (right hand)
 E - an amulet of regeneration (around neck)
Wands
 g - a wand of disintegration (16)
 w - a wand of random effects (18)
 G - a wand of acid (21)
 R - a wand of iceblast (20)
Scrolls
 e - 3 scrolls of amnesia {unknown}
 h - 3 scrolls of enchant armour {unknown}
 k - 2 scrolls of enchant weapon {unknown}
 l - 4 scrolls of remove curse
 o - a scroll of immolation {unknown}
 q - 5 scrolls of fog
 s - 5 scrolls of teleportation
 u - 3 scrolls of blinking
 v - 2 scrolls of magic mapping {unknown}
 y - a scroll of random uselessness {unknown}
 O - a scroll of noise {unknown}
Potions
 x - 2 potions of mutation
 C - a potion of brilliance
 F - a potion of lignification
 L - a potion of agility
Comestibles
 f - 10 rations


   Skills:
 + Level 6.7 Fighting
 - Level 2.4(5.8) Maces & Flails
 * Level 7.3(8.8) Polearms
 - Level 8.3(9.9) Staves
 - Level 0.3(1.2) Slings
 * Level 2.4 Bows
 + Level 2.0 Throwing
 + Level 6.9 Armour
 - Level 2.4 Dodging
 * Level 8.6 Stealth
 * Level 4.9 Shields


You had 10 spell levels left.
You didn't know any spells.
Your spell library contained the following spells:

 Spells                   Type           Power        Failure   Level  Hunger
 Magic Dart               Conj           #...         99%         1    ##.....
 Conjure Flame            Conj/Fire      #.......     100%        3    ####...
 Slow                     Hex            #.......     100%        2    ###....
 Mephitic Cloud           Conj/Pois/Air  #.......     100%        3    ####...
 Blink                    Tloc           N/A          100%        2    ###....
 Iskenderun's Mystic Bla  Conj           #.......     100%        4    #####..
 Call Imp                 Summ           #.......     100%        2    ###....
 Fulminant Prism          Conj/Hex       #.........   100%        4    #####..
 Dazzling Spray           Conj/Hex       #.....       100%        3    ####...
 Force Lance              Conj/Tloc      #.......     100%        4    #####..
 Searing Ray              Conj           #.....       100%        2    ###....


Dungeon Overview and Level Annotations

Branches:
Dungeon (10/15)            Temple (1/1) D:4
   Lair: D:8-11         Orc: D:9-12

Altars:
Ashenzari
Cheibriados
Dithmenos
Elyvilon
Fedhas
Gozag
Hepliaklqana
Kikubaaqudgha
Makhleb
Nemelex Xobeh
Okawaru
Qazlal
Ru
Sif Muna
Trog
Uskayaw
Vehumet
Wu Jian
Xom
Yredelemnul
Zin
The Shining One

Annotations:
D:10 Sonja


Innate Abilities, Weirdness & Mutations

You are resistant to torment.
Your stone body is resilient. (AC +8)
You are immune to poison.
You resist negative energy. (rN+)
You are resistant to electric shocks. (rElec)
You can survive without breathing.
You are immune to petrification.
You are immune to rotting.
Your large and strong wings let you fly indefinitely.
Your spells are a little harder to cast, but a little more powerful.


Message History

The small abomination hits you.
* * * LOW HITPOINT WARNING * * *
You hit the glowing orange brain. You freeze the glowing orange brain.
The glowing orange brain is lightly wounded.
The glowing orange brain pulsates.
Something tries to feed on your intellect!
The starcursed mass shrieks in your mind.
* * * LOW HITPOINT WARNING * * *
The ancient zyme completely misses you.
The ancient zyme hits you but does no damage.
You hit the glowing orange brain. You freeze the glowing orange brain.
The glowing orange brain is lightly wounded.
The small abomination barely misses you.
The rakshasa closely misses you.
A small abomination comes into view.
You completely miss the glowing orange brain.
The glowing orange brain is lightly wounded.
The ancient zyme hits you but does no damage. x2
The starcursed mass shrieks in your mind.
You die...

#. #.# ##
##..####.##
..#.#..#.#
#.#..x..# #..#.# ##
#...G#G..# #
#...#x#G##.#....#..
.# #R@X##x . . ##
###x#..# .#. #
#..#. # . .. #### #
##... # # .. . #.
.x..## . #. # X# #≈
#.#.#.# . ≈


You could see a starcursed mass, a rakshasa, 2 glowing orange brains, an ancient
zyme and 2 small abominations.

Vanquished Creatures
  Erolcha (D:9)
  Erica (D:9)
  Pikel (D:6)
  Joseph (D:7)
  A gargoyle (D:8)
  A wyvern (D:8)
  8 yaks (D:9)
  Eustachio (D:5)
  An acid dragon (D:9)
  A water moccasin (D:9)
  Duvessa (D:7)
  An orc warrior (D:8)
  A hornet zombie (D:8)
  A black bear (D:4)
  2 ice beasts
  2 sky beasts
  A phantom (D:6)
  2 centaurs
  2 ogres
  A crocodile (D:9)
  A big kobold (D:9)
  5 bullfrogs
  Dowan (D:7)
  A scorpion (D:8)
  5 wights (D:7)
  3 killer bees (D:8)
  10 howler monkeys
  3 crimson imps
  A bullfrog zombie (D:9)
  9 hounds
  2 bullfrog skeletons
  3 jellies (D:8)
  4 orc wizards
  6 iguanas
  7 worker ants
  Robin (D:2)
  7 gnolls
  10 adders
  3 shadow imps
  2 oozes
  An adder zombie (D:9)
  4 worms
  A dart slug (D:3)
  4 leopard geckos
  9 orcs
  6 giant cockroaches
  12 goblins
  8 hobgoblins
  4 jackals (D:7)
  11 kobolds
  4 quokkas
  8 ball pythons (D:2)
  8 frilled lizards
  A quokka skeleton (D:9)
  10 rats
206 creatures vanquished.

Vanquished Creatures (others)
  A slave (D:7)
  An ogre (D:7)
  A worker ant (D:7)
  4 plants (D:9)
7 creatures vanquished.

Grand Total: 213 creatures vanquished

Notes
Turn   | Place    | Note
-------+----------+-------------------------------------------
     0 | D:1      | Brodemort the Gargoyle Gladiator began the quest for the Orb.
     0 | D:1      | Reached XP level 1. HP: 12/12 MP: 1/1
   150 | D:1      | Reached XP level 2. HP: 17/17 MP: 2/2
   471 | D:2      | Reached XP level 3. HP: 21/22 MP: 3/3
   627 | D:2      | Noticed Robin
   648 | D:2      | Killed Robin
   648 | D:2      | Reached XP level 4. HP: 18/27 MP: 4/4
   938 | D:2      | Reached skill level 1 in Armour
   959 | D:2      | Reached XP level 5. HP: 32/32 MP: 5/5
  1164 | D:2      | Reached skill level 5 in Staves
  1376 | D:3      | Reached skill level 1 in Stealth
  1376 | D:3      | Reached XP level 6. HP: 19/37 MP: 6/6
  1527 | D:3      | Found a faded altar of an unknown god.
  1674 | D:3      | Found a burning altar of Makhleb.
  1687 | D:3      | Became a worshipper of Makhleb the Destroyer
  2315 | D:4      | Reached XP level 7. HP: 37/42 MP: 7/7
  2713 | D:4      | Found a staircase to the Ecumenical Temple.
  2722 | Temple   | Entered the Ecumenical Temple
  2879 | D:5      | Entered Level 5 of the Dungeon
  3023 | D:5      | Noticed Eustachio
  3046 | D:5      | Gained mutation: Your large and strong wings let you fly indefinitely. [potion of mutation]
  3046 | D:5      | Gained mutation: Your spells are a little harder to cast, but a little more powerful. [potion of mutation]
  3053 | D:5      | Killed Eustachio
  3053 | D:5      | Reached skill level 5 in Stealth
  3053 | D:5      | Reached XP level 8. HP: 16/48 MP: 8/8
  3303 | D:5      | Reached * piety under Makhleb
  4799 | D:7      | Noticed Pikel
  4844 | D:6      | Killed Pikel
  4844 | D:6      | Reached skill level 5 in Fighting
  4844 | D:6      | Reached skill level 5 in Armour
  4844 | D:6      | Reached XP level 9. HP: 43/54 MP: 9/9
  5016 | D:7      | Noticed Joseph
  5064 | D:7      | HP: 2/54 [Joseph/sling bullet (6)]
  5230 | D:8      | Reached skill level 1 in Shields
  5435 | D:7      | Killed Joseph
  5435 | D:7      | Reached skill level 1 in Maces & Flails
  5633 | D:7      | Noticed Duvessa
  5633 | D:7      | Noticed Dowan
  5649 | D:7      | Killed Duvessa
  5698 | D:7      | Killed Dowan
  5709 | D:7      | Reached skill level 1 in Polearms
  5748 | D:7      | Reached ** piety under Makhleb
  6045 | D:7      | Found a snail-covered altar of Cheibriados.
  6572 | D:8      | Noticed a gargoyle
  6595 | D:8      | Killed a gargoyle
  6595 | D:8      | Reached XP level 10. HP: 50/60 MP: 10/10
  7661 | D:9      | Reached skill level 5 in Polearms
  7893 | D:9      | Reached skill level 1 in Bows
  7922 | D:9      | Reached *** piety under Makhleb
  8069 | D:9      | Reached XP level 11. HP: 66/66 MP: 11/11
  8126 | D:9      | Noticed a two-headed ogre
  8127 | D:9      | Noticed Erica
  8259 | D:9      | Killed Erica
  8641 | D:9      | Noticed Erolcha
  8666 | D:9      | Paralysed by Erolcha for 4 turns
  8672 | D:9      | Killed Erolcha
  8790 | D:10     | Entered Level 10 of the Dungeon
  8790 | D:10     | Noticed Sonja
  8799 | D:10     | Cast into level 2 of the Abyss (Sonja)
  8856 | Abyss:2  | Noticed a large abomination
  8908 | Abyss:2  | Noticed a glowing orange brain
  8939 | Abyss:2  | Noticed a rakshasa
  8939 | Abyss:2  | Noticed a starcursed mass
  8950 | Abyss:2  | HP: 3/66 [starcursed mass/accursed screaming[a glowing orange brain] (5)]
  8952 | Abyss:2  | Killed from afar by a starcursed mass

Vault maps used:
D:1:      ncdulo_lavacross
D:2:      first_ration, minmay_shallow_snake_nest, uniq_robin
D:3:      chequers_ecumenical_altar_simple_redux, makhleb_blood_cavern_becter
D:4:      black_bear_nest_2, minmay_temple_entry_poolview
D:5:      kb_forest_paths, uniq_eustachio
D:7:      basic_altar, uniq_duvessa, uniq_pikel, uniq_joseph
D:9:      minmay_lizard_king, uniq_erica, uniq_erolcha
D:10:     uniq_sonja
Temple:   kilobyte_greek_temple

Skill      XL: |  1  2  3  4  5  6  7  8  9 10 11 |
---------------+----------------------------------+-----
Throwing       | 2 |  2.0
Staves         | 4 5 6 8 |  8.3
Armour         | 1 2 5 6 |  6.9
Fighting       | 3 4 5 6 |  6.7
Stealth        | 1 2 5 6 7 8 |  8.6
Shields        | 3 4 |  4.9
Maces & Flails | 2 |  2.4
Polearms       | 3 6 7 |  7.3
Bows           | 1 2 |  2.4
Slings         | |  0.3
Dodging        | |  2.4

Action                   |  1- 3 |  4- 6 |  7- 9 | 10-12 || total
-------------------------+-------+-------+-------+-------++-------
Melee: Quarterstaff      |   105 |   186 |   217 |       ||   508
       Spear             |       |       |   118 |   469 ||   587
       Whip              |       |       |    72 |       ||    72
 Fire: Hunting sling     |       |     8 |     5 |       ||    13
       Shortbow          |       |       |       |     1 ||     1
 Abil: Fly               |       |       |       |     1 ||     1
  Use: Potion            |     2 |       |     5 |     6 ||    13
       Scroll            |       |       |     5 |     3 ||     8
 Stab: Sleeping          |       |    10 |    14 |    11 ||    35
       Invisible         |       |       |       |     2 ||     2
  Eat: Chunk             |       |     5 |     3 |     3 ||    11
       Ration            |       |       |     4 |     1 ||     5
Armor: Ring mail         |    48 |    49 |       |       ||    97
       Shadow dragon sca |       |    56 |   350 |   208 ||   614
Dodge: Dodged            |    59 |    89 |   218 |   128 ||   494
Block: Buckler           |       |       |     9 |    18 ||    27

Table legend:
 A = Spawn XP
 B = Non-spawn XP
 C = Spawn XP percentage of total XP
 D = Spawn monster count
 E = Non-spawn monster count
 F = Spawn count percentage of total count
 G = Total turns spent on level
                    A         B        C        D         E        F      G
               +---------+---------+-------+---------+---------+-------+---------
         Total |       0 |   11173 |   0.0 |       0 |     206 |   0.0 |  8952
               +---------+---------+-------+---------+---------+-------+---------
           D:1 |       0 |      20 |   0.0 |       0 |      12 |   0.0 |   434
           D:2 |       0 |     195 |   0.0 |       0 |      44 |   0.0 |   836
           D:3 |       0 |     160 |   0.0 |       0 |      20 |   0.0 |   737
           D:4 |       0 |     566 |   0.0 |       0 |      11 |   0.0 |   736
           D:5 |       0 |     536 |   0.0 |       0 |      15 |   0.0 |  1008
           D:6 |       0 |    1158 |   0.0 |       0 |      11 |   0.0 |  1005
           D:7 |       0 |    1753 |   0.0 |       0 |      24 |   0.0 |  1345
           D:8 |       0 |    2172 |   0.0 |       0 |      27 |   0.0 |  1452
           D:9 |       0 |    4613 |   0.0 |       0 |      42 |   0.0 |  1101
               +---------+---------+-------+---------+---------+-------+---------
